 Dungeon Crawl Stone Soup version 0.21-a0-442-g848f44b (webtiles) character file.

32 tof the Twirler (level 3, -6/28 HPs)
             Began as a Demonspawn Gladiator on Nov 12, 2017.
             Mangled by a worm (8 damage)
             ... on level 2 of the Dungeon.
             The game lasted 00:01:39 (1146 turns).

tof the Twirler (Demonspawn Gladiator)              Turns: 1146, Time: 00:01:39

Health: -6/28      AC:  4    Str: 14    XL:     3   Next: 10%
Magic:  3/3        EV: 18    Int:  9    God:
Gold:   0          SH:  0    Dex: 20    Spells: 2/2 levels left

rFire    . . .     SeeInvis .   a - +0 quarterstaff
rCold    . . .     Gourm    .   (shield currently unavailable)
rNeg     . . .     Faith    .   b - +0 leather armour
rPois    .         Spirit   .   c - +0 helmet
rElec    .         Reflect  .   (no cloak)
rCorr    .         Harm     .   (no gloves)
MR       .....                  (no boots)
Stlth    +++.......             (no amulet)
HPRegen  0.09/turn              (no ring)
MPRegen  0.08/turn              (no ring)

@: agile
A: powered by pain 1
a: no special abilities


You were on level 2 of the Dungeon.
You were hungry.

You visited 1 branch of the dungeon, and saw 2 of its levels.

Inventory:

Hand Weapons
 a - a +0 quarterstaff (weapon)
Missiles
 d - 3 throwing nets (quivered)
 i - 28 poisoned needles
Armour
 b - a +0 leather armour (worn)
 c - a +0 helmet (worn)
Scrolls
 h - 3 scrolls of blinking {unknown}
 k - a scroll of amnesia {unknown}
 l - a scroll of noise {unknown}
 m - 2 scrolls of identify {unknown}
 n - 3 scrolls of teleportation {unknown}
 o - a scroll of magic mapping {unknown}
 p - a scroll of enchant armour {unknown}
 q - a scroll of random uselessness {unknown}
Potions
 e - 2 potions of curing {unknown}
 g - 2 potions of heal wounds {unknown}
Comestibles
 f - 2 bread rations
 j - 2 royal jellies


   Skills:
 + Level 2.3 Fighting
 * Level 3.2 Staves
 - Level 1.7 Throwing
 + Level 0.9 Armour
 + Level 2.9 Dodging


You had 2 spell levels left.
You didn't know any spells.

Dungeon Overview and Level Annotations

Branches:
Dungeon (2/15)

Altars:


Innate Abilities, Weirdness & Mutations

You sometimes gain a little power by taking damage.


Message History

The worm is moderately wounded.
The worm misses you.
You hit the worm.
The worm is heavily wounded.
The worm bites you!
* * * LOW HITPOINT WARNING * * *
You focus on the pain.
You feel agile all of a sudden.
You hit the worm.
The worm is heavily wounded.
You sock the worm!
The worm is almost dead.
The worm misses you.
You hit the worm.
The worm is almost dead.
The worm closely misses you.
You hit the worm but do no damage.
The worm is almost dead.
The worm bites you!
You die...

# .# ##########.#
#..........# #........####
#..?......... .
#........#####....
#.........@wb.....
#.........######.# #.#.g#
#.........# #.#..#
#.........# # #.#..#
#.#+#####.# #.#.#..# #.#.#
#.# #.#.#..# #.#.# #..
...#..#
#.#.##################.#..#
#.#..............)..).....#


You could see a worm and a bat.

Vanquished Creatures
  3 dart slugs (D:1)
  A leopard gecko (D:2)
  3 giant cockroaches
  4 goblins
  3 hobgoblins
  A bat (D:1)
  A frilled lizard (D:1)
  5 kobolds
  3 rats (D:1)
24 creatures vanquished.

Notes
Turn   | Place    | Note
-------+----------+-------------------------------------------
     0 | D:1      | tof the Demonspawn Gladiator began the quest for the Orb.
     0 | D:1      | Reached XP level 1. HP: 16/16 MP: 1/1
   310 | D:1      | Gained mutation: You sometimes gain a little power by taking damage. [demonic ancestry]
   310 | D:1      | Reached XP level 2. HP: 20/22 MP: 2/2
   367 | D:1      | Reached skill level 3 in Staves
  1004 | D:2      | Reached XP level 3. HP: 21/28 MP: 3/3
  1142 | D:2      | HP: 1/28 [worm (11)]
  1146 | D:2      | Mangled by a worm

Vault maps used:
D:1:      scummos_arrival_forest
D:2:      uniq_crazy_yiuf_cottage

Skill      XL: |  1  2 |
---------------+-------+-----
Staves         | 3 |  3.2
Fighting       | |  2.3
Throwing       | |  1.7
Armour         | |  0.9
Dodging        | |  2.9

Action                   || total
-------------------------++-------
Melee: Quarterstaff      ||    97
Armor: Leather armour    ||    26
Dodge: Dodged            ||    94

Table legend:
 A = Spawn XP
 B = Non-spawn XP
 C = Spawn XP percentage of total XP
 D = Spawn monster count
 E = Non-spawn monster count
 F = Spawn count percentage of total count
 G = Total turns spent on level
                    A         B        C        D         E        F      G
               +---------+---------+-------+---------+---------+-------+---------
         Total |       0 |      47 |   0.0 |       0 |      24 |   0.0 |  1146
               +---------+---------+-------+---------+---------+-------+---------
           D:1 |       0 |      33 |   0.0 |       0 |      17 |   0.0 |   968
           D:2 |       0 |      14 |   0.0 |       0 |       7 |   0.0 |   178
               +---------+---------+-------+---------+---------+-------+---------
